 Dungeon Crawl Stone Soup version 0.28.0-45-g0d030f2227 (webtiles) character file.

Game seed: 5088952703544423261

578 McKennaii the Covered (level 6, 0/53 HPs)
             Began as a Demigod Fighter on Apr 18, 2022.
             Killed from afar by Duvessa (5 damage)
             ... with a puff of flame
             ... on level 4 of the Dungeon.
             The game lasted 00:02:54 (4136 turns).

McKennaii the Covered (Demigod Fighter)             Turns: 4136, Time: 00:02:54

Health: 0/53       AC:  7    Str: 25    XL:     6   Next: 89%
Magic:  8/8        EV:  9    Int: 10    God:
Gold:   253        SH:  5    Dex: 13    Spells: 5/5 levels left

rFire   . . .      SeeInvis +   a - +0 trident
rCold   . . .      Faith    .   c - +0 buckler
rNeg    . . .      Spirit   .   b - +0 scale mail
rPois   .          Reflect  .   (no helmet)
rElec   .          Harm     .   (no cloak)
rCorr   .          Rampage  .   (no gloves)
Will    .....                   (no boots)
Stlth   ..........              (no amulet)
HPRegen 0.17/turn               j - ring of see invisible
MPRegen 0.11/turn               (no ring)

@: no status effects
A: high MP 1, forlorn, divine attributes
a: no special abilities


You were on level 4 of the Dungeon.
You visited 1 branch of the dungeon, and saw 4 of its levels.

You collected 253 gold pieces.

Inventory:

Hand Weapons
 a - a +0 trident (weapon)
 i - a +2 short sword of venom
Armour
 b - a +0 scale mail (worn)
 c - a +0 buckler (worn)
 q - the +1 leather armour "Ocvifume" {Fly rPois MP+9}
   (You found it on level 4 of the Dungeon)

   rPois:     It protects you from poison.
   MP:        It affects your magic capacity (+9).
   Fly:       It grants you flight.
Jewellery
 j - a ring of see invisible (left hand)
Scrolls
 e - a scroll of fog {unknown}
 k - 3 scrolls of identify {unknown}
 l - 4 scrolls of immolation {unknown}
 m - a scroll of teleportation {unknown}
 n - a scroll of fear {unknown}
 r - a scroll of magic mapping {unknown}
Potions
 d - a potion of might
 f - a potion of experience {unknown}
 g - 2 potions of magic {unknown}
 h - 3 potions of curing
 o - a potion of haste {unknown}
 p - a potion of invisibility {unknown}
 s - 2 potions of brilliance {unknown}


   Skills:
 + Level 4.3 Fighting
 + Level 3.8 Polearms
 + Level 4.4 Armour
 + Level 4.4 Shields


You had 5 spell levels left.
You didn't know any spells.
Your spell library was empty.

Dungeon Overview and Level Annotations

Branches:
Dungeon (4/15)
 Temple: D:4-7

Shops:
D:1 *   D:3 =

Annotations:
D:4 Duvessa


Innate Abilities, Weirdness & Mutations

You have an increased reservoir of magic. (+10% MP)
You shall have no god before yourself.
Your divine heritage dramatically boosts your attributes as you level up.


Message History

You puncture Natasha!
You kill Natasha!
Natasha growls in agony!
No target in view!
No target in view!
No target in view!
No target in view!
You see here the felid corpse of Natasha.
A hobgoblin comes into view.
Found a scroll labelled WATAAN WUDIR.
The hobgoblin shouts!
There is a stone staircase leading down here.
A hobgoblin is nearby!
You hit the hobgoblin.
You kill the hobgoblin!
No target in view!
No target in view!
You see here a hobgoblin corpse.
r - a scroll labelled WATAAN WUDIR
s - 2 black potions
Found a trident.
A hobgoblin comes into view.
The hobgoblin shouts!
You hear a shout!
Duvessa, Sister of Dowan comes into view.
She is wielding a +0 short sword and carrying a wand of flame (27).
You barely miss the hobgoblin. The hobgoblin hits you.
You hit the hobgoblin.
The hobgoblin is almost dead.
The hobgoblin hits you but does no damage.
You hit the hobgoblin.
You kill the hobgoblin!
Duvessa hits you with a +0 short sword.
Duvessa zaps a wand.
The puff of flame hits you!
Duvessa zaps a wand.
The puff of flame hits you!
Duvessa zaps a wand.
The puff of flame hits you!
Duvessa zaps a wand.
The puff of flame hits you!
* * * LOW HITPOINT WARNING * * *
Duvessa zaps a wand.
The puff of flame hits you.
* * * LOW HITPOINT WARNING * * *
Duvessa zaps a wand.
The puff of flame hits you.
You die...

#.# #.# #e# #.# #.#
#.# #.# #.# #.# #.#
#@# #. ##.# #.
##..# #.
##...####### #.
#........... .# #.
##..†######.####.#
#. ##..#
#.#.<..###. #..###
..........
#..>.######.#####..


You could see Duvessa.

Vanquished Creatures
  Menkaure (D:4)
  Edmund (D:4)
  A necrophage (D:3)
  An ogre (D:4)
  A hound (D:3)
  Natasha (D:4)
  Terence (D:2)
  An adder (D:4)
  4 worms
  3 dart slugs
  5 ball pythons
  5 bats
  9 endoplasms
  A giant cockroach (D:3)
  4 goblins
  9 hobgoblins
  2 jackals (D:2)
  3 quokkas
  6 frilled lizards
  6 kobolds
  4 rats
69 creatures vanquished.

Notes
Turn   | Place    | Note
-------+----------+-------------------------------------------
     0 | D:1      | McKennaii the Demigod Fighter began the quest for the Orb.
     0 | D:1      | Reached XP level 1. HP: 18/18 MP: 3/3
   155 | D:1      | Found Befegh's General Store.
   247 | D:1      | Reached XP level 2. HP: 25/25 MP: 4/4
  1013 | D:2      | Noticed Terence
  1021 | D:2      | Killed Terence
  1022 | D:2      | Reached XP level 3. HP: 15/31 MP: 5/5
  2408 | D:3      | Identified the +1 leather armour of Dust Devil {Will+
                  | Dex+4}
  2523 | D:3      | Reached XP level 4. HP: 23/38 MP: 6/6
  2783 | D:3      | Found Emnyutya's Jewellery Shop.
  2809 | D:3      | Noticed a necrophage
  2833 | D:3      | Killed a necrophage
  2834 | D:3      | Reached XP level 5. HP: 28/45 MP: 7/7
  3207 | D:4      | Noticed an ogre
  3233 | D:4      | Killed an ogre
  3447 | D:4      | Noticed Edmund
  3463 | D:4      | Killed Edmund
  3464 | D:4      | Reached XP level 6. HP: 8/52 MP: 1/8
  3789 | D:4      | Noticed Menkaure
  3803 | D:4      | Killed Menkaure
  3930 | D:4      | Identified the +1 leather armour "Ocvifume" {Fly rPois
                  | MP+9}
  3941 | D:4      | Noticed Natasha
  3955 | D:4      | Killed Natasha
  4109 | D:4      | Noticed Duvessa
  4136 | D:4      | Killed from afar by Duvessa

Illustrated notes

Levels and vault maps discovered:
D:1:      dpeg_arrival_circle_labyrinth_a, layout_basic, serial_shops,
          nicolae_shop_crystal
D:2:      layout_loops_corners, uniq_terence
D:3:      layout_rooms, mainiacjoe_overflow_small_starburst,
          lemuel_coloured_pillars_altar, serial_shops, nicolae_shop_trees,
          minmay_misc_feat_more_columns
D:4:      layout_loops_ring, nicolae_hepliaklqana_hazy_memory, uniq_duvessa,
          uniq_edmund, uniq_natasha, uniq_menkaure

Skill      XL: |  1  2  3  4  5 |
---------------+----------------+-----
Polearms       | 2 3 |  3.8
Shields        | 3 4 |  4.4
Fighting       | 3 4 |  4.3
Armour         | 3 4 |  4.4

Action                   |  1- 3 |  4- 6 || total
-------------------------+-------+-------++-------
Melee: Trident           |   157 |   122 ||   279
  Use: Potion            |       |     1 ||     1
Armor: Scale mail        |    55 |    21 ||    76
Dodge: Dodged            |    56 |    40 ||    96
Block: Buckler           |    29 |    21 ||    50
